 Seeded DCSS version 0.28-a0-1339-ga5422284a4 (webtiles) character file.

Game seed: 12130800008223909736 (custom seed)

677 croobank the Skirmisher (level 7, -10/62 HPs)
             Began as a Minotaur Berserker on Dec 28, 2021.
             Was a Believer of Trog.
             Killed from afar by Dowan (15 damage)
             ... with a stone arrow
             ... on level 4 of the Dungeon.
             The game lasted 00:15:41 (4000 turns).

croobank the Skirmisher (Minotaur Berserker)        Turns: 4000, Time: 00:15:42

Health: -10/62     AC:  4    Str: 24    XL:     7   Next: 33%
Magic:  6/6        EV: 13    Int:  4    God:    Trog [**....]
Gold:   174        SH:  0    Dex: 13    Spells: 6/6 levels left

rFire   + . .      SeeInvis .   a - +0 trident
rCold   + + .      Faith    .   (no shield)
rNeg    . . .      Spirit   .   l - +0 leather armour
rPois   .          Reflect  .   (helmet restricted)
rElec   .          Harm     .   (no cloak)
rCorr   .          Rampage  .   t - +0 pair of gloves of the Constellations {rF+ rC++ Dex+4}
Will    ++...                   (no boots)
Stlth   +.........              (no amulet)
HPRegen 1.20/turn               (no ring)
MPRegen 0.10/turn               (no ring)

@: strong-willed, on berserk cooldown, regenerating, hasted and slowed
A: horns 2, retaliatory headbutt
a: Renounce Religion, Berserk, Trog's Hand


You were on level 4 of the Dungeon.
You worshipped Trog.
Trog was pleased with you.
You visited 1 branch of the dungeon, and saw 4 of its levels.

You collected 174 gold pieces.

Inventory:

Hand Weapons
 a - a +0 trident (weapon)
 b - a +0 hunting sling
 r - a +1 dagger of draining
Missiles
 c - 34 arrows
 e - 18 bolts
 f - 38 poisoned darts (quivered)
 s - 43 stones
Armour
 k - a +1 kite shield of resistance
 l - a +0 leather armour (worn)
 t - the +0 pair of gloves of the Constellations (worn) {rF+ rC++ Dex+4}
   (You found it on level 4 of the Dungeon)

   Dex:       It affects your dexterity (+4).
   rF:        It protects you from fire.
   rC:        It greatly protects you from cold.
Wands
 p - a wand of flame (16)
Scrolls
 d - 3 scrolls of enchant armour {enchant armour, unknown}
 g - a scroll of teleportation {teleport, unknown}
 j - 4 scrolls of identify {identify, unknown}
 n - a scroll of vulnerability {vulnerability, unknown}
Potions
 h - 3 potions of curing {curing, unknown}
 m - a potion of cancellation {cancellation, unknown}
 o - a potion of degeneration {degeneration, unknown}


   Skills:
 + Level 5.7 Fighting
 + Level 5.6 Polearms
 + Level 5.0 Armour
 + Level 4.5 Dodging
 + Level 3.5 Shields


You had 6 spell levels left.
You didn't know any spells.
Your spell library was empty.

Dungeon Overview and Level Annotations

Branches:
Dungeon (4/15)
 Temple: D:4-7

Altars:

Shops:
D:1 *   D:2 =   D:3 !

Annotations:
D:4 1 runed translucent door, Dowan; Rem's ghost, amateur DsFi


Innate Abilities, Weirdness & Mutations

You have a pair of horns on your head.
You reflexively headbutt those who attack you in melee.


Message History

Duvessa is lightly wounded.
Duvessa closely misses you. Dowan hits you with a +0 dagger.
You impale Duvessa!!
Duvessa is severely wounded.
Duvessa hits you with a +2 vampiric rapier!
Duvessa draws strength from your wounds!
You impale Duvessa!!
You kill Duvessa!
Trog accepts your kill.
Dowan seems overcome with grief.
Dowan seems to find hidden reserves of power!
Dowan gestures wildly while chanting.
Dowan blinks!
Your Armour skill increases to level 5!
You are no longer berserk.
You are exhausted.
You feel yourself slow down.
You barely miss Dowan. Your headbutt misses Dowan. Dowan barely misses you.
Dowan hits you with a +0 dagger. Dowan gestures at you while chanting.
The shard of ice hits you!! You partially resist.
You miss Dowan. Your headbutt misses Dowan. Dowan hits you with a +0 dagger.
* * * LOW HITPOINT WARNING * * *
Dowan casts a spell at you. The shard of ice misses you.
Your skin crawls.
You feel strong-willed. Dowan hits you with a +0 dagger!
* * * LOW HITPOINT WARNING * * *
Dowan gestures at you while chanting. The stone arrow hits you!
* * * LOW HITPOINT WARNING * * *
Okay, then.
Okay, then.
Okay, then.
It was a potion of haste {haste}.
You feel yourself speed up. Dowan barely misses you.
Dowan gestures at you while chanting. The stone arrow hits you!
You die...

..#.. ##### #.#.#
....# #.#.#
....##### #.#.#
........# #.#.####
....###.# #......#
###...#.# #......#
#
###.#.#####...@e.#
# #.#.......#.####
# #.#########)# #
#.# #..
#####.####### ####
......#.....#
#...###.###.#
#.....#'###.#
#....#....#.#


You could see Dowan (fast).

Vanquished Creatures
  Sigmund (D:3)
  Eustachio (D:4)
  Duvessa (D:4)
  A phantom (D:4)
  An orc wizard (D:4)
  Ijyb (D:3)
  7 adders
  An ufetubus (D:4)
  A worm (D:3)
  A dart slug (D:1)
  5 orcs (D:4)
  8 ball pythons
  4 endoplasms
  4 giant cockroaches
  4 goblins
  5 hobgoblins
  4 jackals (D:4)
  5 quokkas
  6 bats
  3 frilled lizards (D:1)
  2 kobolds (D:1)
  5 rats
71 creatures vanquished.

Vanquished Creatures (others)
  3 fungi (D:2)
  2 plants (D:2)
5 creatures vanquished.

Grand Total: 76 creatures vanquished

Notes
Turn   | Place    | Note
-------+----------+-------------------------------------------
     0 | D:1      | croobank the Minotaur Berserker began the quest for the
                  | Orb.
     0 | D:1      | Reached XP level 1. HP: 19/19 MP: 0/0
   204 | D:1      | Reached XP level 2. HP: 25/27 MP: 1/1
   379 | D:1      | Found Wisoshren's General Store.
   835 | D:2      | Reached XP level 3. HP: 23/33 MP: 2/2
  1074 | D:2      | Found a faded altar of an unknown god.
  1086 | D:2      | Found Tueluf's Jewellery Shoppe.
  1888 | D:3      | Noticed Ijyb
  1901 | D:3      | Killed Ijyb
  1902 | D:3      | Reached XP level 4. HP: 5/41 MP: 3/3
  2226 | D:3      | Noticed Sigmund
  2228 | D:3      | Reached skill level 1 in Shields
  2237 | D:3      | Killed Sigmund
  2238 | D:3      | Reached XP level 5. HP: 17/47 MP: 4/4
  2288 | D:3      | Reached XP level 6. HP: 21/55 MP: 5/5
  2567 | D:3      | Reached ** piety under Trog
  2945 | D:3      | Found Couciofe's Distillery.
  3053 | D:4      | Reached skill level 5 in Fighting
  3081 | D:4      | Found a runed translucent door.
  3083 | D:4      | Noticed Rem's ghost (amateur DsFi)
  3209 | D:4      | Reached skill level 5 in Polearms
  3629 | D:4      | Identified the +0 pair of gloves of the Constellations {rF+
                  | rC++ Dex+4}
  3690 | D:4      | Noticed Eustachio
  3707 | D:4      | Killed Eustachio
  3708 | D:4      | Reached XP level 7. HP: 24/61 MP: 6/6
  3986 | D:4      | Noticed Duvessa
  3986 | D:4      | Noticed Dowan
  3995 | D:4      | Killed Duvessa
  3996 | D:4      | Reached skill level 5 in Armour
  4000 | D:4      | Killed from afar by Dowan

Illustrated notes

Levels and vault maps discovered:
D:1:      grunt_arrival_crossed_arrows, layout_loops_ring, serial_shops, shop,
          chequers_serial_rivers_micro_b
D:2:      layout_basic, serial_shops, shop,
          shapermc_ecumenical_altar_mp_urbaneastern
D:3:      layout_loops_cross, serial_shops, shop_statue, uniq_ijyb, uniq_sigmund
D:4:      layout_basic, lemuel_temple_firewalk_a, ebering_ghost_reflecting_pool,
          uniq_eustachio, uniq_duvessa

Skill      XL: |  1  2  3  4  5  6  7 |
---------------+----------------------+-----
Fighting       | 4 5 |  5.7
Polearms       | 4 5 |  5.6
Armour         | 3 4 5 |  5.0
Dodging        | 3 4 |  4.5
Shields        | 2 3 |  3.5

Action                   |  1- 3 |  4- 6 |  7- 9 || total
-------------------------+-------+-------+-------++-------
Melee: Spear             |    44 |       |       ||    44
       Headbutt          |    12 |    12 |       ||    24
       Trident           |    24 |    83 |     9 ||   116
Throw: Dart              |       |     4 |       ||     4
Invok: Berserk           |       |     1 |     1 ||     2
       Trog's Hand       |       |       |     1 ||     1
  Use: Potion            |       |     2 |     1 ||     3
 Stab: Sleeping          |     1 |       |       ||     1
Armor: Animal skin       |    13 |       |       ||    13
       Leather armour    |       |     8 |       ||     8
Dodge: Dodged            |    51 |    54 |     5 ||   110

Table legend: (Time is in decaauts)
 A = Elapsed time spent in this place.
 B = Non-inter-level travel time spent in this place.
 C = Inter-level travel time spent in this place.
 D = Time resting spent in this place.
 E = Time spent auto-exploring this place.
 F = Levels seen in this place.
 G = Mean time per level.
                   A        B        C        D        E       F      G
               +--------+--------+--------+--------+--------+-----+--------+
         Total |   4009 |   3952 |     57 |    855 |   2414 |   4 | 1002.2 |
       Dungeon |   4009 |   3952 |     57 |    855 |   2414 |   4 | 1002.2 |
               +--------+--------+--------+--------+--------+-----+--------+

Top non-repeatable levels by time:
     D:3: 1203 daAuts
     D:2: 1015 daAuts
     D:4: 995 daAuts
     D:1: 795 daAuts
